 Dungeon Crawl Stone Soup version 0.32-a0-18-g89e19f1974 (webtiles) character file.

Game seed: 12795754581460445365

788 p00ps00p the Trooper (level 7, -3/63 HPs)
             Began as a Hill Orc Fighter on Jan 17, 2024.
             Slain by an iguana (9 damage)
             ... on level 5 of the Dungeon.
             The game lasted 00:04:44 (3570 turns).

p00ps00p the Trooper (Hill Orc Fighter)             Turns: 3570, Time: 00:04:45

Health: -3/63      AC: 10    Str: 21    XL:     7   Next: 87%
Magic:  7/7        EV:  9    Int:  8    God:
Gold:   218        SH:  6    Dex: 10    Spells: 6/6 levels left

rFire   . . .        a - +1 war axe (elec)
rCold   . . .        c - +1 buckler
rNeg    . . .        b - +0 scale mail
rPois   .            n - +0 helmet
rElec   .            (no cloak)
rCorr   .            (no gloves)
SInv    .            e - +0 pair of boots
Will    .....        o - amulet of regeneration Stlth
                     (no ring)
HPRegen 1.10/turn    (no ring)
MPRegen 0.10/turn

%: no passive effects
@: no status effects
A: no striking features
a: no special abilities


You were on level 5 of the Dungeon.
You visited 1 branch of the dungeon, and saw 5 of its levels.

You collected 218 gold pieces.

Inventory:

Hand Weapons
 a - a +1 war axe of electrocution (weapon)
Armour
 b - a +0 scale mail (worn)
 c - a +1 buckler (worn)
 e - a +0 pair of boots (worn)
 n - a +0 helmet (worn)
Jewellery
 f - an amulet of faith
 o - an amulet of regeneration (around neck)
 t - an amulet of guardian spirit
Wands
 p - a wand of paralysis (7)
Scrolls
 g - 2 scrolls of teleportation
Potions
 d - 3 potions of might
 h - 2 potions of mutation
 i - a potion of resistance
 j - a potion of brilliance {unknown}
 k - a potion of enlightenment {unknown}
 l - 2 potions of curing
 m - 2 potions of magic


   Skills:
 + Level 6.2 Fighting
 + Level 6.1 Axes
 + Level 5.6 Armour
 + Level 5.7 Shields


You had 6 spell levels left.
You didn't know any spells.
Your spell library contained the following spells:

 Spells                   Type           Power      Damage    Failure   Level
 Apportation              Tloc           0%         N/A       80%         1
 Foxfire                  Conj/Fire      0%         2x1d4     80%         1
 Magic Dart               Conj           0%         1d3       80%         1
 Blink                    Tloc           0%         N/A       90%         2
 Call Imp                 Summ           0%         N/A       90%         2
 Jinxbite                 Hex            0%         N/A       90%         2
 Sublimation of Blood     Necr           0%         N/A       90%         2
 Summon Ice Beast         Ice/Summ       0%         N/A       99%         3
 Petrify                  Alch/Erth      0%         N/A       100%        4
 Alistair's Intoxication  Alch           0%         N/A       100%        5
 Irradiate                Conj/Alch      0%         3d11      100%        5
 Summon Mana Viper        Hex/Summ       0%         N/A       100%        5
 Plasma Beam              Fire/Air       0%         2x1d10    100%        6
 Starburst                Conj/Fire      0%         6d3       100%        6
 Monstrous Menagerie      Summ           0%         N/A       100%        7


Dungeon Overview and Level Annotations

Branches:
Dungeon (5/15)
 Temple: D:4-7

Altars:
Qazlal
Uskayaw

Shops:
D:1 :


Message History

You slash the hound!
The hound is almost dead.
You barely miss the iguana. x2; The hound bites you but does no damage.
The iguana bites you! The hound bites you but does no damage.
The iguana closely misses you.
You hit the hound.
You kill the hound!
You hit the iguana but do no damage. You closely miss the iguana.
You hit the ice beast. The iguana bites you! x2
The ice beast hits you but does no damage.
Your Fighting skill increases to level 6!
Unknown command.
You hit the ice beast.
Lightning courses through the ice beast!
The ice beast is almost dead.
You hit the iguana. Lightning courses through the iguana!
You hit the iguana but do no damage. The iguana bites you!
The iguana bites you. The ice beast hits you. The ice beast freezes you!
* * * LOW HITPOINT WARNING * * *
The iguana misses you.
You are too injured to fight recklessly!
Unknown command.
You are too injured to fight recklessly!
Unknown command.
You are too injured to fight recklessly!
Unknown command.
You closely miss the iguana. You hit the ice beast.
You kill the ice beast!
You hit the iguana but do no damage. Lightning courses through the iguana!!
You kill the iguana!
The iguana bites you but does no damage.
The iguana misses you.
Your Axes skill increases to level 6!
You hit the iguana but do no damage. The iguana bites you!
* * * LOW HITPOINT WARNING * * *
You barely miss the iguana. The iguana barely misses you.
You slash the iguana!
The iguana is severely wounded.
The iguana bites you!
You die...

....... .......
... .......
..#.# ......$
...#. .......
#..... .......
<.##..###†......
........@l.#
.##...[...##..
#...<........
#......##....
#......# ..#
#.......# .#
........... #
....#........
###..#.##......


You could see an iguana.

Vanquished Creatures
  Grinder (D:3)
  A black bear (D:4)
  An ice beast (D:5)
  A scorpion (D:4)
  2 orc priests (D:4)
  A hound (D:5)
  A jelly (D:4)
  2 iguanas
  An orc wizard (D:4)
  8 adders
  2 dart slugs
  8 orcs
  5 bats
  12 endoplasms
  4 giant cockroaches
  3 goblins
  7 hobgoblins
  10 jackals
  11 kobolds
  4 quokkas
  9 ball pythons
  2 frilled lizards (D:1)
  A rat (D:1)
97 creatures vanquished.

Notes
Turn   | Place    | Note
-------+----------+-------------------------------------------
     0 | D:1      | p00ps00p the Hill Orc Fighter began the quest for the Orb.
     0 | D:1      | Reached XP level 1. HP: 19/19 MP: 1/1
   111 | D:1      | Found Huygg's Book Shoppe.
   156 | D:1      | Reached XP level 2. HP: 24/27 MP: 2/2
   445 | D:1      | Reached XP level 3. HP: 32/33 MP: 3/3
  1019 | D:2      | Reached XP level 4. HP: 35/40 MP: 4/4
  1358 | D:2      | Found a hide-covered altar of Uskayaw.
  1650 | D:3      | Identified the beast talisman of Fun {Int+3}
  1749 | D:3      | Found a stormy altar of Qazlal.
  1991 | D:3      | Reached XP level 5. HP: 45/47 MP: 5/5
  2018 | D:3      | Noticed Grinder
  2018 | D:3      | Paralysed by Grinder for 5 turns
  2028 | D:3      | Paralysed by Grinder for 5 turns
  2037 | D:3      | Killed Grinder
  2038 | D:3      | Reached skill level 5 in Fighting
  2038 | D:3      | Reached XP level 6. HP: 10/56 MP: 6/6
  2713 | D:4      | Reached skill level 5 in Axes
  2752 | D:4      | Reached skill level 5 in Armour
  2752 | D:4      | Reached skill level 5 in Shields
  2778 | D:4      | Reached XP level 7. HP: 61/61 MP: 7/7
  3557 | D:5      | Entered Level 5 of the Dungeon
  3570 | D:5      | Slain by an iguana

Illustrated notes

Levels and vault maps discovered:
D:1:      dpeg_arrival_long_road, layout_loops_ring, serial_shops, shop,
          hangedman_decor_points, grunt_decor_cap
D:2:      layout_loops_cross, basic_altar
D:3:      layout_basic, mainiacjoe_overflow_cross_hatched, serial_rivers,
          chequers_serial_rivers_micro_a, chequers_serial_rivers_micro_b,
          chequers_serial_rivers_micro_b, chequers_serial_rivers_micro_b,
          dk_noncrumbling_2, uniq_grinder
D:4:      layout_cave_pools
D:5:      layout_cave_pools, nicolae_dithmenos_shadow_blocks,
          nicolae_yredelemnul_corpse_copse,
          chequers_temple_overflow_statue_of_worship, serial_shops, shop,
          wad_floor_pattern_untrapped, uniq_duvessa

Skill      XL: |  1  2  3  4  5  6  7 |
---------------+----------------------+-----
Axes           | 3 4 5 6 |  6.1
Fighting       | 4 5 6 |  6.2
Armour         | 4 5 |  5.6
Shields        | 4 5 |  5.7

Action                     |  1- 3 |  4- 6 |  7- 9 || total
---------------------------+-------+-------+-------++-------
  Melee: War axe           |   112 |   122 |    45 ||   279
    Use: Scroll            |     1 |     5 |     6 ||    12
         Potion            |       |     1 |       ||     1
 Armour: Scale mail        |    82 |    82 |    55 ||   219
  Dodge: Dodged            |    58 |    76 |    28 ||   162
  Block: Buckler           |    31 |    27 |     9 ||    67

Table legend: (Time is in decaauts)
 A = Elapsed time spent in this place.
 B = Non-inter-level travel time spent in this place.
 C = Inter-level travel time spent in this place.
 D = Time resting spent in this place.
 E = Time spent auto-exploring this place.
 F = Levels seen in this place.
 G = Mean time per level.
                   A        B        C        D        E       F      G
               +--------+--------+--------+--------+--------+-----+--------+
         Total |   3663 |   3633 |     30 |    580 |   2354 |   5 |  732.6 |
       Dungeon |   3663 |   3633 |     30 |    580 |   2354 |   5 |  732.6 |
               +--------+--------+--------+--------+--------+-----+--------+

Top non-repeatable levels by time:
     D:3: 1048 daAuts
     D:4: 938 daAuts
     D:1: 933 daAuts
     D:2: 727 daAuts
     D:5: 15 daAuts
